Workbook
Name OLE_LINK2: 'SDBSB Language'!$D$2
Name OLE_LINK3: #REF!
Name OLE_LINK3: #REF!
Name OLE_LINK3: #REF!

Sheet SDB & SB Submittal Form
A1: APPENDIX [insert]
A2: SMALL DIVERSE BUSINESS (SDB) AND SMALL BUSINESS (SB)
A3: PARTICIPATION SUBMITTAL
A6: Project:
A8: Offeror Firm:
A10: Offeror Contact Name: | E10: Email:
A12: OFFEROR INFORMATION
A13: Is your firm a DGS-Verified Small Diverse Business? | G13: (Must select one)
A15: Is your firm a DGS-Self-Certified Small Business? | G15: (Must select one)
A17: SUBCONTRACTING INFORMATION
A19: Percentage Commitment for SDB and SB Subcontracting Participation
A21: After examination of the contract documents, which are made a part hereof as if fully set forth herein, the Offeror commits to the following percentages of the total contract cost for Small Diverse Business and Small Business subcontracting participation.
A25: Small Diverse Business Subcontracting percentage commitment:
C27: ='SDB & SB Sub Listing'!D21 -> 0.2 | E27: %
A29: Small Business Subcontracting percentage commitment:
C31: ='SDB & SB Sub Listing'!D22 -> 0.12 | E31: %

Sheet SDB & SB Sub Listing
A1: APPENDIX [insert]
A2: SMALL DIVERSE BUSINESS (SDB) AND SMALL BUSINESS (SB)
A3: PARTICIPATION SUBMITTAL
A4: Listing SDB and SB Subcontractors
A5: The Offeror must list in the chart below the SDBs and SBs that will be used to meet the percentage commitments provided above. Include the SDB/SB firm name, SDB or SB designation, SDB/SB Primary Contact Information, a description of the service or supplies the SDB/SB will provide, fixed percent of total contract cost committed, estimated dollar value of each commitment, and an indication as to the Offeror’s intent to utilize the SDB/SB subcontractor for contract options or renewals. Include as many pages as necessary. Offerors must also include a Letter of Intent as indicated in RFP Part V, Section V-2 for each SDB/SB listed.
A13: SDB/SB Name | B13: SDB or SB | C13: Primary Contact Name & Email | D13: Description of Services or Supplies to be provided | G13: % of total Contract Cost Committed | H13: Estimated $ value of Commitment | I13: Will SDB/SB be used for options/ renewals? (yes/no)
A14: Mary | B14: SDB | D14: coats | G14: 0.2 | H14: 12 | I14: y
A15: Josh | B15: SB | D15: shoes | G15: 0.12 | H15: 10 | I15: y
A21: Total SDB % Commitment: | D21: =SUMIF(B14:B19, "SDB", G14:G19) -> 0.2
B22: Total SB % Commitment: | D22: =SUMIF(B14:B19, "SB", G14:G19) -> 0.12

Sheet SDBSB Language
B2: SMALL DIVERSE BUSINESS AND SMALL BUSINESS PARTICIPATION
B3: SUBMITTAL
B5: A. General Information. The Issuing Office encourages participation by Small Diverse
B6: Businesses (SDB) and Small Businesses (SB) as prime agreementors and encourages all prime
B7: agreementors to make significant commitments to use SDBs and SBs as subagreementors and
B8: suppliers.
B10: A SB must meet each of the following requirements:
B12: ∆ The business must be for-profit, United States business;
B13: ∆ The business must be independently owned;
B14: ∆ The business may not be dominant in its field of operation;
B15: ∆ The business may not employ more than 100 full-time or full-time equivalent employees;
B16: ∆ The business may not exceed an average of $38.5 million in gross annual revenues over
... B197: **References to Offeror/contract on subsequent tabs refer to Applicant/agreement.

Sheet Submittal
B3: SMALL DIVERSE BUSINESS (SDB) AND SMALL BUSINESS (SB)
B4: PARTICIPATION SUBMITTAL
B7: Project Description:
B9: RFP #:
B11: Proposal Due Date:
B13: Commonwealth Agency Name:
B15: OFFEROR (Prime Contractor) INFORMATION
B17: Offeror Company's Name:
B19: Offeror Contact Name: | F19: Email:
B21: Title: | F21: Phone:
B23: Is your firm a DGS-Verified Small Diverse Business? | F23: NO | G23:  | H23: Verif Exp:
B25: Is your firm a DGS-Self-Certified Small Business? | F25: NO | G25:  | H25: Cert Exp:
B26: To confirm your company's SDB/SB status and expiration, please click or use the following link:
B27: http://www.dgs.pa.gov/Businesses/Small Diverse Business Program/Small-Diverse-Business-Verification/Pages/Finding-Small-Diverse-Businesses.aspx#.WVPvzp3D-
B30: SUBCONTRACTING INFORMATION
B32: Percentage Commitment for SDB and SB Subcontracting Participation
B33: Commitment percentages will automatically calculate in the SDB/SB fields below after you have completed the SDB and SB Subcontractor Listing on the "Listing" tab.
B34: After examination of the contract documents, which are made a part hereof as if fully set forth herein, the Offeror commits to the following percentages of the total contract cost for Small Diverse Business and Small Business subcontracting participation.
B38: Small Diverse Business Subcontracting percentage commitment:
E40: =IF(Listing!C24+Listing!C25<0.01,"0.000%",Listing!C24) -> 0.000%
B42: Small Business Subcontracting percentage commitment:
E44: =IF(Listing!C24+Listing!C25<0.01,"0.000%",Listing!C25) -> 0.000%
J45: Revised 01-16-2018

Sheet Listing
B2: SMALL DIVERSE BUSINESS (SDB) AND SMALL BUSINESS (SB)
B3: PARTICIPATION SUBMITTAL
B4: Listing SDB and SB Subcontractors
B5: The Offeror must list in the chart below the SDBs and SBs that will be used to meet the percentage commitments provided above, along with the requested information about each SDB and SB Subcontractor. Include as many pages as necessary. Offerors must also include a Letter of Intent (LOI) for each SDB/SB listed. To receive points for SDB or SB participation commitments, the SDB or SB must be listed in the Department’s directory of self-certified SBs and DGS/BDISBO-verified SDBs as of the proposal due date. The directory of self-certified SBs and DGS/BDISBO-verified SDBs can be accessed at the following link:
B10: http://www.dgs.pa.gov/Businesses/Small Diverse Business Program/Small-Diverse-Business-Verification/Pages/Finding-Small-Diverse-Businesses.aspx#.WVPvzp3D-
B13: SDB/SB name, percent commitment to SDB/SB, and estimated $ value of commitment will automatically populate in the LOI tabs.
B14: Offeror Company's Name: | C14: =Submittal!D17 -> 0
B15: SDB/SB Subcontractor Name | C15: SDB or SB | E15: Primary Contact Name | F15: Description of Services or Supplies to be Provided | I15: % of Total Contract Cost Committed | J15: Estimated $ Value of Commitment for Initial Contract Term | K15: Will SDB/SB be used for Options/ Renewals? (YES/NO)
D16:  | L16: 
D17:  | L17: 
D18:  | L18: 
D19:  | L19: 
D20:  | L20: 
D21:  | L21: 
D22:  | L22: 
D23:  | L23: 
B24: Total SDB % Commitment: | C24: =IF(SUMIF(C16:C23, "SDB", I16:I23)>1,"100%",SUMIF(C16:C23, "SDB", I16:I23)) -> 0
B25: Total SB % Commitment: | C25: =IF(SUMIF(C16:C23, "SB", I16:I23)>1,"100%",SUMIF(C16:C23, "SB", I16:I23)) -> 0 | K25: =Submittal!$J$45 -> Revised 01-16-2018

Sheet LOI1
B6: MM/DD/YYYY | O6: M/D/YYYY
B8: [SDB/SB Contact Name] | H8: Offeror: | I8: =Submittal!D17 -> 0 | O8: [SDB/SB Contact Name] | U8: Offeror | V8: =Submittal!C17 -> 0
B9: [Title] | H9: RFP: | I9: =Submittal!D9 -> 0 | O9: [Title] | U9: RFP | V9: =Submittal!C9 -> 0
B10: [SDB/SB Company Name] | O10: [SDB/SB Company Name]
B11: [Address] | O11: [Address]
B12: [City, State, Zip] | O12: [City, State, Zip]
B13: [Email]
B14: [Phone #] | O14: [Email, Phone #]
B16: Dear: | C16: =B8 -> [SDB/SB Contact Name] | O16: Dear: | P16: =O8 -> [SDB/SB Contact Name]
B18: This letter serves as confirmation of the intent of this offeror to utilize | I18: =Listing!B16 -> 0 | O18: This letter serves as confirmation of the intent of this offeror to utilize | V18: =Listing!B16 -> 0
B19: on the above-referenced RFP issued by | F19: =Submittal!D13 -> 0 | O19: on the above-referenced RFP issued by | T19: =Submittal!D13 -> 0
B21: If Offeror is the successful vendor, the referenced SDB/SB shall perform the following work, goods or services during the initial term of the prime contract and during any extensions, options or renewal periods of the prime contract exercised by the Commonwealth, as more specifically set forth below: | O21: If Offeror is the successful vendor, the referenced SDB/SB shall perform the following work, goods or services during the initial term of the prime contract and during any extensions, options or renewal periods of the prime contract exercised by the Commonwealth, as more specifically set forth below:
B22: [Identify the specific time periods during the initial contract term and any extensions, options and renewals when the work, goods or services will be provided or performed]
B23: Identify the specific work, goods or services the SDB/SB will perform below: | O23: Identify the specific work, goods or services the SDB/SB will perform below:
B24: [Identify the specific work, goods or services the SDB/SB will perform]
B26: These services represent | D26: =Listing!I16 -> 0 | E26: of the total cost in the Offeror's cost submittal for the initial term of the | O26: These services represent | R26: =Listing!I17 -> 0 | S26: of the total cost in the Offeror's cost submittal for the initial
B27: contract. Dependent on final negotiated contract pricing and actual contract usage or volume, it is expected | O27: term of the contract. Dependent on final negotiated contract pricing and actual contract usage or
B28: that above-referenced SDB/SB will receive an estimated | H28: =Listing!J16 -> 0 | J28: during the initial contract term. | O28: volume, it is expected that above-referenced SDB/SB will receive an estimated | W28: =Listing!J17 -> 0
B30: The above-referenced SDB/SB represents that it meets the small or small diverse business requirements set | O30: The above-referenced SDB/SB represents that it meets the small or small diverse business requirements set forth in the RFP and all required documentation has been provided to the Offeror for its SDB/SB submission.
B31: forth in the RFP and all required documentation has been provided to the Offeror for its SDB/SB submission.
B33: We look forward to the opportunity to serve | F33: =Submittal!D13 -> 0 | O33: We look forward to the opportunity to serve | T33: =Submittal!D13 -> 0
B34: on this project. If you have any questions concerning our small business or small diverse business commitment, please feel free to contact me at the number below. | O34: on this project. If you have any questions concerning our small business or small diverse business commitment, please feel free to contact me at the number below.
B36: Sincerely, | H36: Acknowledged, | O36: Sincerely, | U36: Acknowledged,
B37: X | H37: X | O37: {Signature} | T37: {Signature}
B39: =IF(ISBLANK(Submittal!D19),Submittal!B19,Submittal!D19) -> Offeror Contact Name: | H39: =B8 -> [SDB/SB Contact Name] | O39: =Submittal!C19 -> 0 | U39: =O8 -> [SDB/SB Contact Name]
B40: =IF(ISBLANK(Submittal!D21),Submittal!B21,Submittal!D21) -> Title: | H40: =B9 -> [Title] | O40: =Submittal!C21 -> 0 | U40: =O9 -> [Title]
B41: =IF(ISBLANK(Submittal!D17),Submittal!B17,Submittal!D17) -> Offeror Company's Name: | H41: =B10 -> [SDB/SB Company Name] | O41: =Submittal!C17 -> 0 | U41: =O10 -> [SDB/SB Company Name]
B42: =Submittal!G21 -> 0 | H42: =Submittal!$J$45 -> Revised 01-16-2018 | O42: =Submittal!G21 -> 0 | U42: =O14 -> [Email, Phone #]

Sheet LOI2
B6: MM/DD/YYYY | O6: M/D/YYYY
B8: [SDB/SB Contact Name] | H8: Offeror: | I8: =Submittal!D17 -> 0 | O8: [SDB/SB Contact Name] | U8: Offeror | V8: =Submittal!C17 -> 0
B9: [Title] | H9: RFP: | I9: =Submittal!D9 -> 0 | O9: [Title] | U9: RFP | V9: =Submittal!C9 -> 0
B10: [SDB/SB Company Name] | O10: [SDB/SB Company Name]
B11: [Address] | O11: [Address]
B12: [City, State, Zip] | O12: [City, State, Zip]
B13: [Email]
B14: [Phone #] | O14: [Email, Phone #]
B16: Dear: | C16: =B8 -> [SDB/SB Contact Name] | O16: Dear: | P16: =O8 -> [SDB/SB Contact Name]
B18: This letter serves as confirmation of the intent of this offeror to utilize | I18: =Listing!B17 -> 0 | O18: This letter serves as confirmation of the intent of this offeror to utilize | V18: =Listing!B16 -> 0
B19: on the above-referenced RFP issued by | F19: =Submittal!D13 -> 0 | O19: on the above-referenced RFP issued by | T19: =Submittal!D13 -> 0
B21: If Offeror is the successful vendor, the referenced SDB/SB shall perform the following work, goods or services during the initial term of the prime contract and during any extensions, options or renewal periods of the prime contract exercised by the Commonwealth, as more specifically set forth below: | O21: If Offeror is the successful vendor, the referenced SDB/SB shall perform the following work, goods or services during the initial term of the prime contract and during any extensions, options or renewal periods of the prime contract exercised by the Commonwealth, as more specifically set forth below:
B22: [Identify the specific time periods during the initial contract term and any extensions, options and renewals when the work, goods or services will be provided or performed]
B23: Identify the specific work, goods or services the SDB/SB will perform below: | O23: Identify the specific work, goods or services the SDB/SB will perform below:
B24: [Identify the specific work, goods or services the SDB/SB will perform]
B26: These services represent | D26: =Listing!I17 -> 0 | E26: of the total cost in the Offeror's cost submittal for the initial term of the | O26: These services represent | R26: =Listing!I17 -> 0 | S26: of the total cost in the Offeror's cost submittal for the initial
B27: contract. Dependent on final negotiated contract pricing and actual contract usage or volume, it is expected | O27: term of the contract. Dependent on final negotiated contract pricing and actual contract usage or
B28: that above-referenced SDB/SB will receive an estimated | H28: =Listing!J17 -> 0 | J28: during the initial contract term. | O28: volume, it is expected that above-referenced SDB/SB will receive an estimated | W28: =Listing!J17 -> 0
B30: The above-referenced SDB/SB represents that it meets the small or small diverse business requirements set | O30: The above-referenced SDB/SB represents that it meets the small or small diverse business requirements set forth in the RFP and all required documentation has been provided to the Offeror for its SDB/SB submission.
B31: forth in the RFP and all required documentation has been provided to the Offeror for its SDB/SB submission.
B33: We look forward to the opportunity to serve | F33: =Submittal!D13 -> 0 | O33: We look forward to the opportunity to serve | T33: =Submittal!D13 -> 0
B34: on this project. If you have any questions concerning our small business or small diverse business commitment, please feel free to contact me at the number below. | O34: on this project. If you have any questions concerning our small business or small diverse business commitment, please feel free to contact me at the number below.
B36: Sincerely, | H36: Acknowledged, | O36: Sincerely, | U36: Acknowledged,
B37: X | H37: X | O37: {Signature} | T37: {Signature}
B39: =IF(ISBLANK(Submittal!D19),Submittal!B19,Submittal!D19) -> Offeror Contact Name: | H39: =B8 -> [SDB/SB Contact Name] | O39: =Submittal!C19 -> 0 | U39: =O8 -> [SDB/SB Contact Name]
B40: =IF(ISBLANK(Submittal!D21),Submittal!B21,Submittal!D21) -> Title: | H40: =B9 -> [Title] | O40: =Submittal!C21 -> 0 | U40: =O9 -> [Title]
B41: =IF(ISBLANK(Submittal!D17),Submittal!B17,Submittal!D17) -> Offeror Company's Name: | H41: =B10 -> [SDB/SB Company Name] | O41: =Submittal!C17 -> 0 | U41: =O10 -> [SDB/SB Company Name]
B42: =Submittal!G21 -> 0 | H42: =Submittal!$J$45 -> Revised 01-16-2018 | O42: =Submittal!G21 -> 0 | U42: =O14 -> [Email, Phone #]

Sheet LOI3
B6: MM/DD/YYYY | O6: M/D/YYYY
B8: [SDB/SB Contact Name] | H8: Offeror: | I8: =Submittal!D17 -> 0 | O8: [SDB/SB Contact Name] | U8: Offeror | V8: =Submittal!C17 -> 0
B9: [Title] | H9: RFP: | I9: =Submittal!D9 -> 0 | O9: [Title] | U9: RFP | V9: =Submittal!C9 -> 0
B10: [SDB/SB Company Name] | O10: [SDB/SB Company Name]
B11: [Address] | O11: [Address]
B12: [City, State, Zip] | O12: [City, State, Zip]
B13: [Email]
B14: [Phone #] | O14: [Email, Phone #]
B16: Dear: | C16: =B8 -> [SDB/SB Contact Name] | O16: Dear: | P16: =O8 -> [SDB/SB Contact Name]
B18: This letter serves as confirmation of the intent of this offeror to utilize | I18: =Listing!B18 -> 0 | O18: This letter serves as confirmation of the intent of this offeror to utilize | V18: =Listing!B16 -> 0
B19: on the above-referenced RFP issued by | F19: =Submittal!D13 -> 0 | O19: on the above-referenced RFP issued by | T19: =Submittal!D13 -> 0
B21: If Offeror is the successful vendor, the referenced SDB/SB shall perform the following work, goods or services during the initial term of the prime contract and during any extensions, options or renewal periods of the prime contract exercised by the Commonwealth, as more specifically set forth below: | O21: If Offeror is the successful vendor, the referenced SDB/SB shall perform the following work, goods or services during the initial term of the prime contract and during any extensions, options or renewal periods of the prime contract exercised by the Commonwealth, as more specifically set forth below:
B22: [Identify the specific time periods during the initial contract term and any extensions, options and renewals when the work, goods or services will be provided or performed]
B23: Identify the specific work, goods or services the SDB/SB will perform below: | O23: Identify the specific work, goods or services the SDB/SB will perform below:
B24: [Identify the specific work, goods or services the SDB/SB will perform]
B26: These services represent | D26: =Listing!I18 -> 0 | E26: of the total cost in the Offeror's cost submittal for the initial term of the | O26: These services represent | R26: =Listing!I17 -> 0 | S26: of the total cost in the Offeror's cost submittal for the initial
B27: contract. Dependent on final negotiated contract pricing and actual contract usage or volume, it is expected | O27: term of the contract. Dependent on final negotiated contract pricing and actual contract usage or
B28: that above-referenced SDB/SB will receive an estimated | H28: =Listing!J18 -> 0 | J28: during the initial contract term. | O28: volume, it is expected that above-referenced SDB/SB will receive an estimated | W28: =Listing!J17 -> 0
B30: The above-referenced SDB/SB represents that it meets the small or small diverse business requirements set | O30: The above-referenced SDB/SB represents that it meets the small or small diverse business requirements set forth in the RFP and all required documentation has been provided to the Offeror for its SDB/SB submission.
B31: forth in the RFP and all required documentation has been provided to the Offeror for its SDB/SB submission.
B33: We look forward to the opportunity to serve | F33: =Submittal!D13 -> 0 | O33: We look forward to the opportunity to serve | T33: =Submittal!D13 -> 0
B34: on this project. If you have any questions concerning our small business or small diverse business commitment, please feel free to contact me at the number below. | O34: on this project. If you have any questions concerning our small business or small diverse business commitment, please feel free to contact me at the number below.
B36: Sincerely, | H36: Acknowledged, | O36: Sincerely, | U36: Acknowledged,
B37: X | H37: X | O37: {Signature} | T37: {Signature}
B39: =IF(ISBLANK(Submittal!D19),Submittal!B19,Submittal!D19) -> Offeror Contact Name: | H39: =B8 -> [SDB/SB Contact Name] | O39: =Submittal!C19 -> 0 | U39: =O8 -> [SDB/SB Contact Name]
B40: =IF(ISBLANK(Submittal!D21),Submittal!B21,Submittal!D21) -> Title: | H40: =B9 -> [Title] | O40: =Submittal!C21 -> 0 | U40: =O9 -> [Title]
B41: =IF(ISBLANK(Submittal!D17),Submittal!B17,Submittal!D17) -> Offeror Company's Name: | H41: =B10 -> [SDB/SB Company Name] | O41: =Submittal!C17 -> 0 | U41: =O10 -> [SDB/SB Company Name]
B42: =Submittal!G21 -> 0 | H42: =Submittal!$J$45 -> Revised 01-16-2018 | O42: =Submittal!G21 -> 0 | U42: =O14 -> [Email, Phone #]

Sheet LOI4
B6: MM/DD/YYYY | O6: M/D/YYYY
B8: [SDB/SB Contact Name] | H8: Offeror: | I8: =Submittal!D17 -> 0 | O8: [SDB/SB Contact Name] | U8: Offeror | V8: =Submittal!C17 -> 0
B9: [Title] | H9: RFP: | I9: =Submittal!D9 -> 0 | O9: [Title] | U9: RFP | V9: =Submittal!C9 -> 0
B10: [SDB/SB Company Name] | O10: [SDB/SB Company Name]
B11: [Address] | O11: [Address]
B12: [City, State, Zip] | O12: [City, State, Zip]
B13: [Email]
B14: [Phone #] | O14: [Email, Phone #]
B16: Dear: | C16: =B8 -> [SDB/SB Contact Name] | O16: Dear: | P16: =O8 -> [SDB/SB Contact Name]
B18: This letter serves as confirmation of the intent of this offeror to utilize | I18: =Listing!B19 -> 0 | O18: This letter serves as confirmation of the intent of this offeror to utilize | V18: =Listing!B16 -> 0
B19: on the above-referenced RFP issued by | F19: =Submittal!D13 -> 0 | O19: on the above-referenced RFP issued by | T19: =Submittal!D13 -> 0
B21: If Offeror is the successful vendor, the referenced SDB/SB shall perform the following work, goods or services during the initial term of the prime contract and during any extensions, options or renewal periods of the prime contract exercised by the Commonwealth, as more specifically set forth below: | O21: If Offeror is the successful vendor, the referenced SDB/SB shall perform the following work, goods or services during the initial term of the prime contract and during any extensions, options or renewal periods of the prime contract exercised by the Commonwealth, as more specifically set forth below:
B22: [Identify the specific time periods during the initial contract term and any extensions, options and renewals when the work, goods or services will be provided or performed]
B23: Identify the specific work, goods or services the SDB/SB will perform below: | O23: Identify the specific work, goods or services the SDB/SB will perform below:
B24: [Identify the specific work, goods or services the SDB/SB will perform]
B26: These services represent | D26: =Listing!I19 -> 0 | E26: of the total cost in the Offeror's cost submittal for the initial term of the | O26: These services represent | R26: =Listing!I17 -> 0 | S26: of the total cost in the Offeror's cost submittal for the initial
B27: contract. Dependent on final negotiated contract pricing and actual contract usage or volume, it is expected | O27: term of the contract. Dependent on final negotiated contract pricing and actual contract usage or
B28: that above-referenced SDB/SB will receive an estimated | H28: =Listing!J19 -> 0 | J28: during the initial contract term. | O28: volume, it is expected that above-referenced SDB/SB will receive an estimated | W28: =Listing!J17 -> 0
B30: The above-referenced SDB/SB represents that it meets the small or small diverse business requirements set | O30: The above-referenced SDB/SB represents that it meets the small or small diverse business requirements set forth in the RFP and all required documentation has been provided to the Offeror for its SDB/SB submission.
B31: forth in the RFP and all required documentation has been provided to the Offeror for its SDB/SB submission.
B33: We look forward to the opportunity to serve | F33: =Submittal!D13 -> 0 | O33: We look forward to the opportunity to serve | T33: =Submittal!D13 -> 0
B34: on this project. If you have any questions concerning our small business or small diverse business commitment, please feel free to contact me at the number below. | O34: on this project. If you have any questions concerning our small business or small diverse business commitment, please feel free to contact me at the number below.
B36: Sincerely, | H36: Acknowledged, | O36: Sincerely, | U36: Acknowledged,
B37: X | H37: X | O37: {Signature} | T37: {Signature}
B39: =IF(ISBLANK(Submittal!D19),Submittal!B19,Submittal!D19) -> Offeror Contact Name: | H39: =B8 -> [SDB/SB Contact Name] | O39: =Submittal!C19 -> 0 | U39: =O8 -> [SDB/SB Contact Name]
B40: =IF(ISBLANK(Submittal!D21),Submittal!B21,Submittal!D21) -> Title: | H40: =B9 -> [Title] | O40: =Submittal!C21 -> 0 | U40: =O9 -> [Title]
B41: =IF(ISBLANK(Submittal!D17),Submittal!B17,Submittal!D17) -> Offeror Company's Name: | H41: =B10 -> [SDB/SB Company Name] | O41: =Submittal!C17 -> 0 | U41: =O10 -> [SDB/SB Company Name]
B42: =Submittal!G21 -> 0 | H42: =Submittal!$J$45 -> Revised 01-16-2018 | O42: =Submittal!G21 -> 0 | U42: =O14 -> [Email, Phone #]

Sheet LOI5
B6: MM/DD/YYYY | O6: M/D/YYYY
B8: [SDB/SB Contact Name] | H8: Offeror: | I8: =Submittal!D17 -> 0 | O8: [SDB/SB Contact Name] | U8: Offeror | V8: =Submittal!C17 -> 0
B9: [Title] | H9: RFP: | I9: =Submittal!D9 -> 0 | O9: [Title] | U9: RFP | V9: =Submittal!C9 -> 0
B10: [SDB/SB Company Name] | O10: [SDB/SB Company Name]
B11: [Address] | O11: [Address]
B12: [City, State, Zip] | O12: [City, State, Zip]
B13: [Email]
B14: [Phone #] | O14: [Email, Phone #]
B16: Dear: | C16: =B8 -> [SDB/SB Contact Name] | O16: Dear: | P16: =O8 -> [SDB/SB Contact Name]
B18: This letter serves as confirmation of the intent of this offeror to utilize | I18: =Listing!B20 -> 0 | O18: This letter serves as confirmation of the intent of this offeror to utilize | V18: =Listing!B16 -> 0
B19: on the above-referenced RFP issued by | F19: =Submittal!D13 -> 0 | O19: on the above-referenced RFP issued by | T19: =Submittal!D13 -> 0
B21: If Offeror is the successful vendor, the referenced SDB/SB shall perform the following work, goods or services during the initial term of the prime contract and during any extensions, options or renewal periods of the prime contract exercised by the Commonwealth, as more specifically set forth below: | O21: If Offeror is the successful vendor, the referenced SDB/SB shall perform the following work, goods or services during the initial term of the prime contract and during any extensions, options or renewal periods of the prime contract exercised by the Commonwealth, as more specifically set forth below:
B22: [Identify the specific time periods during the initial contract term and any extensions, options and renewals when the work, goods or services will be provided or performed]
B23: Identify the specific work, goods or services the SDB/SB will perform below: | O23: Identify the specific work, goods or services the SDB/SB will perform below:
B24: [Identify the specific work, goods or services the SDB/SB will perform]
B26: These services represent | D26: =Listing!I20 -> 0 | E26: of the total cost in the Offeror's cost submittal for the initial term of the | O26: These services represent | R26: =Listing!I17 -> 0 | S26: of the total cost in the Offeror's cost submittal for the initial
B27: contract. Dependent on final negotiated contract pricing and actual contract usage or volume, it is expected | O27: term of the contract. Dependent on final negotiated contract pricing and actual contract usage or
B28: that above-referenced SDB/SB will receive an estimated | H28: =Listing!J20 -> 0 | J28: during the initial contract term. | O28: volume, it is expected that above-referenced SDB/SB will receive an estimated | W28: =Listing!J17 -> 0
B30: The above-referenced SDB/SB represents that it meets the small or small diverse business requirements set | O30: The above-referenced SDB/SB represents that it meets the small or small diverse business requirements set forth in the RFP and all required documentation has been provided to the Offeror for its SDB/SB submission.
B31: forth in the RFP and all required documentation has been provided to the Offeror for its SDB/SB submission.
B33: We look forward to the opportunity to serve | F33: =Submittal!D13 -> 0 | O33: We look forward to the opportunity to serve | T33: =Submittal!D13 -> 0
B34: on this project. If you have any questions concerning our small business or small diverse business commitment, please feel free to contact me at the number below. | O34: on this project. If you have any questions concerning our small business or small diverse business commitment, please feel free to contact me at the number below.
B36: Sincerely, | H36: Acknowledged, | O36: Sincerely, | U36: Acknowledged,
B37: X | H37: X | O37: {Signature} | T37: {Signature}
B39: =IF(ISBLANK(Submittal!D19),Submittal!B19,Submittal!D19) -> Offeror Contact Name: | H39: =B8 -> [SDB/SB Contact Name] | O39: =Submittal!C19 -> 0 | U39: =O8 -> [SDB/SB Contact Name]
B40: =IF(ISBLANK(Submittal!D21),Submittal!B21,Submittal!D21) -> Title: | H40: =B9 -> [Title] | O40: =Submittal!C21 -> 0 | U40: =O9 -> [Title]
B41: =IF(ISBLANK(Submittal!D17),Submittal!B17,Submittal!D17) -> Offeror Company's Name: | H41: =B10 -> [SDB/SB Company Name] | O41: =Submittal!C17 -> 0 | U41: =O10 -> [SDB/SB Company Name]
B42: =Submittal!G21 -> 0 | H42: =Submittal!$J$45 -> Revised 01-16-2018 | O42: =Submittal!G21 -> 0 | U42: =O14 -> [Email, Phone #]

Sheet LOI6
B6: MM/DD/YYYY | O6: M/D/YYYY
B8: [SDB/SB Contact Name] | H8: Offeror: | I8: =Submittal!D17 -> 0 | O8: [SDB/SB Contact Name] | U8: Offeror | V8: =Submittal!C17 -> 0
B9: [Title] | H9: RFP: | I9: =Submittal!D9 -> 0 | O9: [Title] | U9: RFP | V9: =Submittal!C9 -> 0
B10: [SDB/SB Company Name] | O10: [SDB/SB Company Name]
B11: [Address] | O11: [Address]
B12: [City, State, Zip] | O12: [City, State, Zip]
B13: [Email]
B14: [Phone #] | O14: [Email, Phone #]
B16: Dear: | C16: =B8 -> [SDB/SB Contact Name] | O16: Dear: | P16: =O8 -> [SDB/SB Contact Name]
B18: This letter serves as confirmation of the intent of this offeror to utilize | I18: =Listing!B21 -> 0 | O18: This letter serves as confirmation of the intent of this offeror to utilize | V18: =Listing!B16 -> 0
B19: on the above-referenced RFP issued by | F19: =Submittal!D13 -> 0 | O19: on the above-referenced RFP issued by | T19: =Submittal!D13 -> 0
B21: If Offeror is the successful vendor, the referenced SDB/SB shall perform the following work, goods or services during the initial term of the prime contract and during any extensions, options or renewal periods of the prime contract exercised by the Commonwealth, as more specifically set forth below: | O21: If Offeror is the successful vendor, the referenced SDB/SB shall perform the following work, goods or services during the initial term of the prime contract and during any extensions, options or renewal periods of the prime contract exercised by the Commonwealth, as more specifically set forth below:
B22: [Identify the specific time periods during the initial contract term and any extensions, options and renewals when the work, goods or services will be provided or performed]
B23: Identify the specific work, goods or services the SDB/SB will perform below: | O23: Identify the specific work, goods or services the SDB/SB will perform below:
B24: [Identify the specific work, goods or services the SDB/SB will perform]
B26: These services represent | D26: =Listing!I21 -> 0 | E26: of the total cost in the Offeror's cost submittal for the initial term of the | O26: These services represent | R26: =Listing!I17 -> 0 | S26: of the total cost in the Offeror's cost submittal for the initial
B27: contract. Dependent on final negotiated contract pricing and actual contract usage or volume, it is expected | O27: term of the contract. Dependent on final negotiated contract pricing and actual contract usage or
B28: that above-referenced SDB/SB will receive an estimated | H28: =Listing!J21 -> 0 | J28: during the initial contract term. | O28: volume, it is expected that above-referenced SDB/SB will receive an estimated | W28: =Listing!J17 -> 0
B30: The above-referenced SDB/SB represents that it meets the small or small diverse business requirements set | O30: The above-referenced SDB/SB represents that it meets the small or small diverse business requirements set forth in the RFP and all required documentation has been provided to the Offeror for its SDB/SB submission.
B31: forth in the RFP and all required documentation has been provided to the Offeror for its SDB/SB submission.
B33: We look forward to the opportunity to serve | F33: =Submittal!D13 -> 0 | O33: We look forward to the opportunity to serve | T33: =Submittal!D13 -> 0
B34: on this project. If you have any questions concerning our small business or small diverse business commitment, please feel free to contact me at the number below. | O34: on this project. If you have any questions concerning our small business or small diverse business commitment, please feel free to contact me at the number below.
B36: Sincerely, | H36: Acknowledged, | O36: Sincerely, | U36: Acknowledged,
B37: X | H37: X | O37: {Signature} | T37: {Signature}
B39: =IF(ISBLANK(Submittal!D19),Submittal!B19,Submittal!D19) -> Offeror Contact Name: | H39: =B8 -> [SDB/SB Contact Name] | O39: =Submittal!C19 -> 0 | U39: =O8 -> [SDB/SB Contact Name]
B40: =IF(ISBLANK(Submittal!D21),Submittal!B21,Submittal!D21) -> Title: | H40: =B9 -> [Title] | O40: =Submittal!C21 -> 0 | U40: =O9 -> [Title]
B41: =IF(ISBLANK(Submittal!D17),Submittal!B17,Submittal!D17) -> Offeror Company's Name: | H41: =B10 -> [SDB/SB Company Name] | O41: =Submittal!C17 -> 0 | U41: =O10 -> [SDB/SB Company Name]
B42: =Submittal!G21 -> 0 | H42: =Submittal!$J$45 -> Revised 01-16-2018 | O42: =Submittal!G21 -> 0 | U42: =O14 -> [Email, Phone #]

Sheet LOI7
B6: MM/DD/YYYY | O6: M/D/YYYY
B8: [SDB/SB Contact Name] | H8: Offeror: | I8: =Submittal!D17 -> 0 | O8: [SDB/SB Contact Name] | U8: Offeror | V8: =Submittal!C17 -> 0
B9: [Title] | H9: RFP: | I9: =Submittal!D9 -> 0 | O9: [Title] | U9: RFP | V9: =Submittal!C9 -> 0
B10: [SDB/SB Company Name] | O10: [SDB/SB Company Name]
B11: [Address] | O11: [Address]
B12: [City, State, Zip] | O12: [City, State, Zip]
B13: [Email]
B14: [Phone #] | O14: [Email, Phone #]
B16: Dear: | C16: =B8 -> [SDB/SB Contact Name] | O16: Dear: | P16: =O8 -> [SDB/SB Contact Name]
B18: This letter serves as confirmation of the intent of this offeror to utilize | I18: =Listing!B22 -> 0 | O18: This letter serves as confirmation of the intent of this offeror to utilize | V18: =Listing!B16 -> 0
B19: on the above-referenced RFP issued by | F19: =Submittal!D13 -> 0 | O19: on the above-referenced RFP issued by | T19: =Submittal!D13 -> 0
B21: If Offeror is the successful vendor, the referenced SDB/SB shall perform the following work, goods or services during the initial term of the prime contract and during any extensions, options or renewal periods of the prime contract exercised by the Commonwealth, as more specifically set forth below: | O21: If Offeror is the successful vendor, the referenced SDB/SB shall perform the following work, goods or services during the initial term of the prime contract and during any extensions, options or renewal periods of the prime contract exercised by the Commonwealth, as more specifically set forth below:
B22: [Identify the specific time periods during the initial contract term and any extensions, options and renewals when the work, goods or services will be provided or performed]
B23: Identify the specific work, goods or services the SDB/SB will perform below: | O23: Identify the specific work, goods or services the SDB/SB will perform below:
B24: [Identify the specific work, goods or services the SDB/SB will perform]
B26: These services represent | D26: =Listing!I22 -> 0 | E26: of the total cost in the Offeror's cost submittal for the initial term of the | O26: These services represent | R26: =Listing!I17 -> 0 | S26: of the total cost in the Offeror's cost submittal for the initial
B27: contract. Dependent on final negotiated contract pricing and actual contract usage or volume, it is expected | O27: term of the contract. Dependent on final negotiated contract pricing and actual contract usage or
B28: that above-referenced SDB/SB will receive an estimated | H28: =Listing!J22 -> 0 | J28: during the initial contract term. | O28: volume, it is expected that above-referenced SDB/SB will receive an estimated | W28: =Listing!J17 -> 0
B30: The above-referenced SDB/SB represents that it meets the small or small diverse business requirements set | O30: The above-referenced SDB/SB represents that it meets the small or small diverse business requirements set forth in the RFP and all required documentation has been provided to the Offeror for its SDB/SB submission.
B31: forth in the RFP and all required documentation has been provided to the Offeror for its SDB/SB submission.
B33: We look forward to the opportunity to serve | F33: =Submittal!D13 -> 0 | O33: We look forward to the opportunity to serve | T33: =Submittal!D13 -> 0
B34: on this project. If you have any questions concerning our small business or small diverse business commitment, please feel free to contact me at the number below. | O34: on this project. If you have any questions concerning our small business or small diverse business commitment, please feel free to contact me at the number below.
B36: Sincerely, | H36: Acknowledged, | O36: Sincerely, | U36: Acknowledged,
B37: X | H37: X | O37: {Signature} | T37: {Signature}
B39: =IF(ISBLANK(Submittal!D19),Submittal!B19,Submittal!D19) -> Offeror Contact Name: | H39: =B8 -> [SDB/SB Contact Name] | O39: =Submittal!C19 -> 0 | U39: =O8 -> [SDB/SB Contact Name]
B40: =IF(ISBLANK(Submittal!D21),Submittal!B21,Submittal!D21) -> Title: | H40: =B9 -> [Title] | O40: =Submittal!C21 -> 0 | U40: =O9 -> [Title]
B41: =IF(ISBLANK(Submittal!D17),Submittal!B17,Submittal!D17) -> Offeror Company's Name: | H41: =B10 -> [SDB/SB Company Name] | O41: =Submittal!C17 -> 0 | U41: =O10 -> [SDB/SB Company Name]
B42: =Submittal!G21 -> 0 | H42: =Submittal!$J$45 -> Revised 01-16-2018 | O42: =Submittal!G21 -> 0 | U42: =O14 -> [Email, Phone #]

Sheet LOI8
B6: MM/DD/YYYY | O6: M/D/YYYY
B8: [SDB/SB Contact Name] | H8: Offeror: | I8: =Submittal!D17 -> 0 | O8: [SDB/SB Contact Name] | U8: Offeror | V8: =Submittal!C17 -> 0
B9: [Title] | H9: RFP: | I9: =Submittal!D9 -> 0 | O9: [Title] | U9: RFP | V9: =Submittal!C9 -> 0
B10: [SDB/SB Company Name] | O10: [SDB/SB Company Name]
B11: [Address] | O11: [Address]
B12: [City, State, Zip] | O12: [City, State, Zip]
B13: [Email]
B14: [Phone #] | O14: [Email, Phone #]
B16: Dear: | C16: =B8 -> [SDB/SB Contact Name] | O16: Dear: | P16: =O8 -> [SDB/SB Contact Name]
B18: This letter serves as confirmation of the intent of this offeror to utilize | I18: =Listing!B23 -> 0 | O18: This letter serves as confirmation of the intent of this offeror to utilize | V18: =Listing!B16 -> 0
B19: on the above-referenced RFP issued by | F19: =Submittal!D13 -> 0 | O19: on the above-referenced RFP issued by | T19: =Submittal!D13 -> 0
B21: If Offeror is the successful vendor, the referenced SDB/SB shall perform the following work, goods or services during the initial term of the prime contract and during any extensions, options or renewal periods of the prime contract exercised by the Commonwealth, as more specifically set forth below: | O21: If Offeror is the successful vendor, the referenced SDB/SB shall perform the following work, goods or services during the initial term of the prime contract and during any extensions, options or renewal periods of the prime contract exercised by the Commonwealth, as more specifically set forth below:
B22: [Identify the specific time periods during the initial contract term and any extensions, options and renewals when the work, goods or services will be provided or performed]
B23: Identify the specific work, goods or services the SDB/SB will perform below: | O23: Identify the specific work, goods or services the SDB/SB will perform below:
B24: [Identify the specific work, goods or services the SDB/SB will perform]
B26: These services represent | D26: =Listing!I23 -> 0 | E26: of the total cost in the Offeror's cost submittal for the initial term of the | O26: These services represent | R26: =Listing!I17 -> 0 | S26: of the total cost in the Offeror's cost submittal for the initial
B27: contract. Dependent on final negotiated contract pricing and actual contract usage or volume, it is expected | O27: term of the contract. Dependent on final negotiated contract pricing and actual contract usage or
B28: that above-referenced SDB/SB will receive an estimated | H28: =Listing!J23 -> 0 | J28: during the initial contract term. | O28: volume, it is expected that above-referenced SDB/SB will receive an estimated | W28: =Listing!J17 -> 0
B30: The above-referenced SDB/SB represents that it meets the small or small diverse business requirements set | O30: The above-referenced SDB/SB represents that it meets the small or small diverse business requirements set forth in the RFP and all required documentation has been provided to the Offeror for its SDB/SB submission.
B31: forth in the RFP and all required documentation has been provided to the Offeror for its SDB/SB submission.
B33: We look forward to the opportunity to serve | F33: =Submittal!D13 -> 0 | O33: We look forward to the opportunity to serve | T33: =Submittal!D13 -> 0
B34: on this project. If you have any questions concerning our small business or small diverse business commitment, please feel free to contact me at the number below. | O34: on this project. If you have any questions concerning our small business or small diverse business commitment, please feel free to contact me at the number below.
B36: Sincerely, | H36: Acknowledged, | O36: Sincerely, | U36: Acknowledged,
B37: X | H37: X | O37: {Signature} | T37: {Signature}
B39: =IF(ISBLANK(Submittal!D19),Submittal!B19,Submittal!D19) -> Offeror Contact Name: | H39: =B8 -> [SDB/SB Contact Name] | O39: =Submittal!C19 -> 0 | U39: =O8 -> [SDB/SB Contact Name]
B40: =IF(ISBLANK(Submittal!D21),Submittal!B21,Submittal!D21) -> Title: | H40: =B9 -> [Title] | O40: =Submittal!C21 -> 0 | U40: =O9 -> [Title]
B41: =IF(ISBLANK(Submittal!D17),Submittal!B17,Submittal!D17) -> Offeror Company's Name: | H41: =B10 -> [SDB/SB Company Name] | O41: =Submittal!C17 -> 0 | U41: =O10 -> [SDB/SB Company Name]
B42: =Submittal!G21 -> 0 | H42: =Submittal!$J$45 -> Revised 01-16-2018 | O42: =Submittal!G21 -> 0 | U42: =O14 -> [Email, Phone #]

Sheet Data Validation (Internal Only)
A2: SDB
A3: SB
